 Dungeon Crawl Stone Soup version 0.28-a0-1143-gcf6077d4cc (webtiles) character file.

Game seed: 8198239032163724697

48 garbled the Skirmisher (level 3, -8/29 HPs)
             Began as a Demonspawn Monk on Dec 14, 2021.
             Mangled by a worm (10 damage)
             ... on level 2 of the Dungeon.
             The game lasted 00:04:00 (1659 turns).

garbled the Skirmisher (Demonspawn Monk)            Turns: 1659, Time: 00:04:01

Health: -8/29      AC:  5    Str: 13    XL:     3   Next: 50%
Magic:  3/3        EV: 13    Int: 11    God:
Gold:   117        SH:  0    Dex: 15    Spells: 2/2 levels left

rFire   . . .      SeeInvis .   i - +0 dagger (elec)
rCold   . . .      Faith    .   (no shield)
rNeg    . . .      Spirit   .   b - +0 robe
rPois   .          Reflect  .   (no helmet)
rElec   .          Harm     .   (no cloak)
rCorr   .          Rampage  .   (no gloves)
Will    .....                   e - +0 pair of boots
Stlth   ++........              (no amulet)
HPRegen 0.09/turn               (no ring)
MPRegen 0.08/turn               (no ring)

@: no status effects
A: slimy green scales 1
a: no special abilities


You were on level 2 of the Dungeon.
You visited 1 branch of the dungeon, and saw 2 of its levels.

You collected 117 gold pieces.

Inventory:

Hand Weapons
 a - a +0 spear
 i - a +0 dagger of electrocution (weapon)
Armour
 b - a +0 robe (worn)
 e - a +0 pair of boots (worn)
Scrolls
 c - a scroll of identify
 d - a scroll of brand weapon
 f - a scroll of fear {unknown}
 h - a scroll of magic mapping {unknown}
 j - a scroll of enchant weapon {unknown}
 k - a scroll of silence {unknown}
Potions
 g - a potion of haste {unknown}


   Skills:
 + Level 3.4 Fighting
 + Level 0.0 Short Blades
 - Level 3.4 Polearms
 + Level 3.1 Dodging
 - Level 1.7 Stealth


You had 2 spell levels left.
You didn't know any spells.
Your spell library was empty.

Dungeon Overview and Level Annotations

Branches:
Dungeon (2/15)

Altars:


Innate Abilities, Weirdness & Mutations

You are partially covered in slimy green scales. (AC +2)


Message History

You hit the worm.
The worm is moderately wounded.
The worm misses you.
You hit the worm.
The worm is moderately wounded.
You hit the worm.
The worm is moderately wounded.
The worm misses you.
You completely miss the worm.
The worm is moderately wounded.
The worm bites you!
You hit the worm.
The worm is moderately wounded.
You hit the worm but do no damage.
The worm is moderately wounded.
The worm closely misses you.
You hit the worm.
The worm is heavily wounded.
You hit the worm.
The worm is heavily wounded.
The worm bites you but does no damage.
You hit the worm.
The worm is heavily wounded.
The worm bites you.
You hit the worm but do no damage.
The worm is heavily wounded.
You hit the worm but do no damage.
The worm is heavily wounded.
The worm bites you!
* * * LOW HITPOINT WARNING * * *
You hit the worm but do no damage.
The worm is moderately wounded.
A kobold comes into view. It is wielding a +0 club.
The kobold shouts!
The kobold hits you but does no damage.
The kobold throws a stone.
The stone closely misses you. The worm bites you.
* * * LOW HITPOINT WARNING * * *
The worm bites you!
You die...

.....##..##...####. #.#.#
.....#...##......#(###.#..
........###...#...>........
........................ ..
.......#####<##........#
......## #.##...... ......#
#..##...# ..#...# ##.##...#
....### ##..#@..## ...##
#.K.w..?.### ...#
#..........# ...#
#........#.# ..##
#.[......# .. .##
#........# . ## #........#
##########


You could see a worm and a kobold.

Vanquished Creatures
  A dart slug (D:1)
  5 ball pythons (D:1)
  5 bats
  3 endoplasms (D:1)
  3 giant cockroaches (D:1)
  4 goblins
  A hobgoblin (D:1)
  4 jackals (D:1)
  2 quokkas
  3 frilled lizards
  4 kobolds
  4 rats
39 creatures vanquished.

Notes
Turn   | Place    | Note
-------+----------+-------------------------------------------
     0 | D:1      | garbled the Demonspawn Monk began the quest for the Orb.
     0 | D:1      | Reached XP level 1. HP: 18/18 MP: 1/1
   559 | D:1      | Gained mutation: You are partially covered in slimy green
                  | scales. (AC +2) [demonic ancestry]
   559 | D:1      | Reached XP level 2. HP: 20/24 MP: 2/2
   655 | D:1      | Found a faded altar of an unknown god.
  1011 | D:1      | Reached XP level 3. HP: 29/29 MP: 3/3
  1659 | D:2      | Mangled by a worm

Illustrated notes

Levels and vault maps discovered:
D:1:      lemuel_arrival_behind_the_door_large, layout_basic,
          shapermc_ecumenical_altar_flowoftime
D:2:      minmay_spotlight, layout_rooms, amcnicky_mini_rare_corridor_liquid

Skill      XL: |  1  2 |
---------------+-------+-----
Polearms       | 3 |  3.4
Dodging        | 3 |  3.1
Fighting       | |  3.4
Stealth        | |  1.7

Action                   || total
-------------------------++-------
Melee: Spear             ||   147
       Dagger            ||    16
  Use: Scroll            ||     1
 Stab: Sleeping          ||     6
Armor: Robe              ||    42
Dodge: Dodged            ||    70

Table legend: (Time is in decaauts)
 A = Elapsed time spent in this place.
 B = Non-inter-level travel time spent in this place.
 C = Inter-level travel time spent in this place.
 D = Time resting spent in this place.
 E = Time spent auto-exploring this place.
 F = Levels seen in this place.
 G = Mean time per level.
                   A        B        C        D        E       F      G
               +--------+--------+--------+--------+--------+-----+--------+
         Total |   1649 |   1615 |     34 |    357 |    873 |   2 |  824.5 |
       Dungeon |   1649 |   1615 |     34 |    357 |    873 |   2 |  824.5 |
               +--------+--------+--------+--------+--------+-----+--------+

Top non-repeatable levels by time:
     D:1: 1282 daAuts
     D:2: 366 daAuts
